 Dungeon Crawl Stone Soup version 0.27.0-66-gdc8fb28755 (webtiles) character file.

Game seed: 10405654592857763183

2065 hawla the Reanimator (level 9, -5/49 HPs)
             Began as a Deep Elf Necromancer on Aug 19, 2021.
             Slain by an ogre (28 damage)
             ... on level 6 of the Dungeon.
             The game lasted 00:19:33 (8585 turns).

hawla the Reanimator (Deep Elf Necromancer)         Turns: 8585, Time: 00:19:34

Health: -5/49      AC:  3    Str:  5    XL:     9   Next: 5%
Magic:  21/24      EV: 14    Int: 24    God:
Gold:   174        SH:  0    Dex: 15    Spells: 18/26 levels left

rFire    . . .     SeeInvis .   n - +3 quarterstaff (flame)
rCold    . . .     Faith    .   (shield currently unavailable)
rNeg     . . .     Spirit   .   a - +0 robe
rPois    .         Reflect  .   (no helmet)
rElec    .         Harm     .   o - +0 cloak
rCorr    .         Rampage  .   (no gloves)
Will     .....                  (no boots)
Stlth    +++.......             g - amulet of the acrobat
HPRegen  0.16/turn              (no ring)
MPRegen  0.19/turn              (no ring)

@: studying Fighting
A: no striking features
a: no special abilities


You were on level 6 of the Dungeon.
You visited 1 branch of the dungeon, and saw 6 of its levels.

You collected 346 gold pieces.
You spent 172 gold pieces at shops.

Inventory:

Hand Weapons
 b - a +2 dagger of pain
 n - a +3 quarterstaff of flaming (weapon)
Missiles
 r - 7 javelins
 v - 4 boomerangs
Armour
 a - a +0 robe (worn)
 m - a +2 buckler
 o - a +0 cloak (worn)
Jewellery
 g - an amulet of the acrobat (around neck)
 s - a ring of fire
Wands
 d - a wand of acid (7)
 q - a wand of flame (10)
Scrolls
 i - 3 scrolls of identify
 w - a scroll of summoning {unknown}
 x - a scroll of amnesia
 y - a scroll of teleportation {unknown}
 z - a scroll of fear
Potions
 c - a potion of berserk rage
 e - 4 potions of haste {unknown}
 f - a potion of brilliance
 h - a potion of attraction
 j - a potion of degeneration {unknown}
 k - a potion of might {unknown}
 l - 2 potions of flight {unknown}
 p - a potion of ambrosia {unknown}
 t - 2 potions of invisibility {unknown}
 u - a potion of resistance {unknown}


   Skills:
 + Level 2.9 Fighting
 + Level 3.7 Staves
 + Level 4.9 Dodging
 + Level 5.0 Stealth
 + Level 9.1 Spellcasting
 + Level 9.3 Necromancy
 + Level 1.0 Earth Magic
 + Level 0.1 Evocations


You had 18 spell levels left.
You knew the following spells:

 Your Spells              Type           Power      Damage    Failure   Level
a - Pain                  Necr           100%       1d9       1%          1
b - Vampiric Draining     Necr           26%        2d9       1%          3
c - Animate Dead          Necr           26%        N/A       1%          4

Your spell library contained the following spells:

 Spells                   Type           Power      Damage    Failure   Level
 Animate Skeleton         Necr           100%       N/A       1%          1
 Agony                    Necr           53%        N/A       3%          5
 Shock                    Conj/Air       40%        1d5       6%          1
 Ignite Poison            Fire/Tmut/Pois 10%        N/A       17%         3
 Mephitic Cloud           Conj/Pois/Air  10%        N/A       17%         3
 Swiftness                Air            10%        N/A       17%         3
 Airstrike                Air            5%         N/A       50%         4
 Bolt of Magma            Conj/Fire/Erth 6%         4d6       80%         5


Dungeon Overview and Level Annotations

Branches:
Dungeon (6/15)             Temple (0/1) D:4

Altars:
Cheibriados
Dithmenos
Gozag
Okawaru
Ru
Vehumet
Xom
The Shining One

Shops:
D:4 *

Annotations:
D:5 2 transporters


Message History

Your Spellcasting skill increases to level 9!
No target in view!
No target in view!
You now have 167 gold pieces (gained 18).
You now have 174 gold pieces (gained 7).
i - 3 scrolls of identify (gained 2)
Found a long sword and 20 arrows.
Found an iron altar of Okawaru and an opulent altar of Gozag.
z - a scroll of fear A jelly comes into view.
A jelly is nearby!
The helpless jelly fails to defend itself.
You hit the jelly. You burn the jelly.
Your hands burn!
The jelly is moderately wounded.
The jelly misses you.
You sock the jelly! You burn the jelly.
Your hands burn!
The jelly is almost dead.
The jelly closely misses you.
You sock the jelly! You burn the jelly.
You kill the jelly!
An ogre comes into view. It is wielding a +0 giant spiked club.
An ogre is nearby!
An ogre is nearby!
An ogre is nearby!
An ogre is nearby!
The helpless ogre fails to defend itself.
You sock the ogre! You burn the ogre.
The ogre is severely wounded.
The ogre hits you with a +0 giant spiked club!!
Ouch! That really hurt!
You are too injured to fight recklessly!
Casting: Vampiric Draining (safe; 1% risk of failure)
Confirm with . or Enter, or press ? or * to list all spells.
Aiming: Vampiric Draining (safe; 1% risk of failure)
Press: ? - help, Shift-Dir - straight line, f - ogre
Aim: an ogre, wielding a +0 giant spiked club (severely wounded)
You draw life force from the ogre.
You feel life coursing into your body.
The ogre hits you with a +0 giant spiked club!!
Ouch! That really hurt!
You die...

#.######.### #.# #.# ###
#.# #.#
...#####.######.###
#.#...............
#.................
.########.##.###.###..##
.......O#.##.# #.# (.)#
####@#.##.# #.# ....#
#......##.# #.#......
#.#...###.# #..._8_..
#.?.... ... .##......
###...###.# . ##.## #..
. #.# #.# #.


You could see an ogre.

Vanquished Creatures
  Prince Ribbit (D:5)
  Grinder (D:3)
  Sigmund (D:5)
  A sky beast (D:6)
  3 ogres (D:5)
  2 phantoms (D:4)
  A water moccasin zombie (D:5)
  3 scorpions
  3 wights (D:6)
  A centaur zombie (D:5)
  6 hounds
  2 jellies
  Crazy Yiuf (D:2)
  An orc priest (D:5)
  A bullfrog skeleton (D:6)
  An iguana (D:5)
  An orc wizard (D:5)
  A scorpion zombie (D:5)
  8 gnolls (D:4)
  6 adders
  4 worms
  A dart slug (D:2)
  An orc (D:5)
  4 ball pythons
  7 bats
  6 endoplasms
  5 goblins
  7 hobgoblins
  9 jackals
  2 quokkas
  3 frilled lizards
  6 kobolds
  5 rats
105 creatures vanquished.

Vanquished Creatures (collateral kills)
  Blork the orc (D:5)
  An ufetubus (D:5)
  2 orcs (D:5)
4 creatures vanquished.

Vanquished Creatures (others)
  A fungus (D:2)
1 creature vanquished.

Grand Total: 110 creatures vanquished

Notes
Turn   | Place    | Note
-------+----------+-------------------------------------------
     0 | D:1      | hawla the Deep Elf Necromancer began the quest for the Orb.
     0 | D:1      | Reached XP level 1. HP: 10/10 MP: 6/6
   103 | D:1      | Reached skill level 5 in Necromancy
   153 | D:1      | Reached XP level 2. HP: 6/15 MP: 5/8
   700 | D:1      | Found a faded altar of an unknown god.
  1085 | D:2      | Reached XP level 3. HP: 8/19 MP: 2/9
  1093 | D:2      | Learned a level 3 spell: Vampiric Draining
  1971 | D:2      | Reached XP level 4. HP: 24/24 MP: 11/11
  1983 | D:2      | Learned a level 4 spell: Animate Dead
  2024 | D:2      | Reached skill level 1 in Earth Magic
  2189 | D:2      | Found a runed translucent door.
  2190 | D:2      | Noticed Crazy Yiuf
  2758 | D:2      | Reached skill level 1 in Fighting
  2974 | D:2      | Killed Crazy Yiuf
  3151 | D:3      | Noticed Grinder
  3153 | D:3      | Paralysed by Grinder for 2 turns
  3162 | D:3      | Killed Grinder
  3163 | D:3      | Reached skill level 1 in Staves
  3163 | D:3      | Reached XP level 5. HP: 14/29 MP: 11/13
  3163 | D:3      | Reached XP level 6. HP: 17/34 MP: 11/14
  3342 | D:3      | Found a snail-covered altar of Cheibriados.
  4162 | D:4      | Found Nymen's Assorted Antiques.
  4285 | D:4      | Found a staircase to the Ecumenical Temple.
  4306 | D:4      | Found a shimmering altar of Xom.
  5357 | D:4      | Reached XP level 7. HP: 19/39 MP: 14/16
  5564 | D:4      | Identified the +1 hand axe of Expedience {drain, +Rage rF+
                  | rN++ Stlth-}
  5733 | D:4      | Bought a ruby potion for 18 gold pieces
  5733 | D:4      | Bought a blackened gilded ring for 100 gold pieces
  5733 | D:4      | Bought 2 silvery potions for 36 gold pieces
  5733 | D:4      | Bought a clear potion for 18 gold pieces
  5814 | D:4      | Reached skill level 5 in Spellcasting
  5859 | D:5      | Entered Level 5 of the Dungeon
  5859 | D:5      | Noticed Prince Ribbit
  5868 | D:5      | Killed Prince Ribbit
  6371 | D:5      | Found a radiant altar of Vehumet.
  6374 | D:5      | Found a sacrificial altar of Ru.
  6374 | D:5      | Found a glowing golden altar of the Shining One.
  6384 | D:5      | Reached XP level 8. HP: 40/44 MP: 15/20
  6595 | D:5      | Found a transporter.
  6597 | D:5      | Found a transporter.
  6613 | D:5      | Found a shadowy altar of Dithmenos.
  7112 | D:5      | Noticed Blork the orc
  7121 | D:5      | Killed Blork the orc
  7218 | D:5      | Noticed Sigmund
  7240 | D:5      | Killed Sigmund
  8092 | D:6      | Reached skill level 5 in Stealth
  8245 | D:6      | Reached XP level 9. HP: 35/49 MP: 23/23
  8502 | D:6      | Found an iron altar of Okawaru.
  8502 | D:6      | Found an opulent altar of Gozag.
  8585 | D:6      | Slain by an ogre

Illustrated notes

Levels and vault maps discovered:
D:1:      amcnicky_arrival_feature_with_door, layout_rooms,
          hellmonk_ecumenical_altar_pennies_from_heaven
D:2:      layout_loops_corners, minmay_octomino_c4, uniq_crazy_yiuf_cottage
D:3:      layout_loops_corners, mainiacjoe_overflow_six_doors_small,
          uniq_grinder
D:4:      layout_loops_ring, mainiacjoe_overflow_24_doors, temple_statues,
          nicolae_inconvenience_store
D:5:      gammafunk_steamed_eel, layout_cave_pools,
          mainiacjoe_overflow_small_starburst, grunt_temple_overflow_open,
          cheibrodos_sewer_entry_bend, uniq_prince_ribbit1, uniq_blork_the_orc,
          uniq_sigmund
D:6:      layout_loops_ring, chequers_temple_overflow_statue_of_worship

Skill      XL: |  1  2  3  4  5  6  7  8  9 |
---------------+----------------------------+-----
Necromancy     | 5 6 7 9 |  9.3
Stealth        | 3 4 5 |  5.0
Dodging        | 3 4 |  4.9
Earth Magic    | 1 |  1.0
Fighting       | 1 2 |  2.9
Spellcasting   | 4 6 8 9 |  9.1
Staves         | 1 2 3 |  3.7
Evocations     | |  0.1

Action                   |  1- 3 |  4- 6 |  7- 9 || total
-------------------------+-------+-------+-------++-------
Melee: Dagger            |    15 |    27 |       ||    42
       Quarterstaff      |       |    60 |    94 ||   154
 Cast: Pain              |    58 |    13 |    36 ||   107
       Vampiric Draining |     2 |     8 |    22 ||    32
       Animate Dead      |       |     3 |    13 ||    16
Evoke: Wand              |       |       |     4 ||     4
  Use: Scroll            |     3 |     4 |     5 ||    12
       Potion            |     1 |     1 |     2 ||     4
 Stab: Sleeping          |     1 |    10 |     6 ||    17
Armor: Robe              |    11 |    21 |    16 ||    48
       Skin              |       |       |     3 ||     3
Dodge: Dodged            |    25 |    66 |    86 ||   177
